 Dungeon Crawl Stone Soup version 0.31-a0-986-g5e6e4ef867 (webtiles) character file.

Game seed: 862126191683193219

1477 pokeman the Thaumaturge (level 8, 0/42 (44) HPs)
             Began as a Deep Elf Hedge Wizard on Nov 23, 2023.
             Slain by a bullfrog (6 damage)
             ... on level 7 of the Dungeon.
             The game lasted 00:11:57 (5192 turns).

pokeman the Thaumaturge (Deep Elf Hedge Wizard)     Turns: 5192, Time: 00:11:58

HP:   0/42 (44)     AC:  4    Str:  7    XL:     8   Next: 49%
MP:   19/23         EV: 13    Int: 22    God:
Gold: 191           SH:  5    Dex: 14    Spells: 13/26 levels left

rFire   + . .        g - +0 arbalest
rCold   . . .        (shield currently unavailable)
rNeg    . . .        b - +0 robe
rPois   .            k - +0 helmet
rElec   .            (no cloak)
rCorr   .            e - +0 pair of gloves
SInv    .            (no boots)
Will    .....        o - amulet of reflection
Stlth   ++           j - +4 ring of slaying
HPRegen 0.27/turn    n - ring of protection from fire
MPRegen 0.18/turn

%: reflection
@: lightly drained
A: no striking features
a: no special abilities


You were on level 7 of the Dungeon.
You visited 2 branches of the dungeon, and saw 8 of its levels.

You collected 278 gold pieces.
You spent 87 gold pieces at shops.

Inventory:

Hand Weapons
 g - a +0 arbalest (weapon)
 h - a +2 dagger of venom
Armour
 b - a +0 robe (worn)
 e - a +0 pair of gloves (worn)
 k - a +0 helmet (worn)
Jewellery
 j - a +4 ring of slaying (left hand)
 n - a ring of protection from fire (right hand)
 o - an amulet of reflection (around neck)
 E - a +6 ring of dexterity
Wands
 s - a wand of charming (9)
Scrolls
 a - 6 scrolls of identify {unknown}
 c - 3 scrolls of amnesia {unknown}
 m - a scroll of immolation {unknown}
 r - 3 scrolls of noise {unknown}
 t - a scroll of teleportation {unknown}
 u - a scroll of fear {unknown}
 w - 2 scrolls of silence {unknown}
 y - a scroll of revelation {unknown}
 D - a scroll of brand weapon {unknown}
 F - a scroll of enchant weapon {unknown}
Potions
 d - a potion of magic
 f - 4 potions of curing {unknown}
 i - a potion of mutation {unknown}
 l - 3 potions of attraction {unknown}
 p - 2 potions of enlightenment {unknown}
 q - a potion of invisibility {unknown}
 v - a potion of cancellation {unknown}
 x - 2 potions of lignification {unknown}
 z - 3 potions of heal wounds {unknown}
 A - a potion of might {unknown}
 B - a potion of haste {unknown}
 C - a potion of degeneration {unknown}


   Skills:
 - Level 2.1 Fighting
 + Level 2.5 Armour
 - Level 3.0 Dodging
 - Level 3.0 Stealth
 * Level 9.6 Spellcasting
 + Level 6.8 Conjurations
 - Level 1.1 Summonings
 - Level 1.1 Translocations
 - Level 1.0 Transmutations
 - Level 1.0 Air Magic
 - Level 1.0 Poison Magic
 - Level 1.0 Evocations


You had 13 spell levels left.
You knew the following spells:

 Your Spells              Type           Power      Damage    Failure   Level
a - Magic Dart            Conj           100%       1d8       1%          1
b - Mephitic Cloud        Conj/Pois/Air  23%        N/A       5%          3
c - Call Imp              Summ           30%        N/A       6%          2
d - Blink                 Tloc           30%        N/A       6%          2
e - Irradiate             Conj/Tmut      14%        3d16      34%         5

Your spell library contained the following spells:

 Spells                   Type           Power      Damage    Failure   Level
 Shock                    Conj/Air       100%       1d9       1%          1
 Slow                     Hex            40%        N/A       6%          1
 Cigotuvi's Dreadful Rot  Necr/Pois/Air  26%        N/A       7%          2
 Passwall                 Tmut/Erth      10%        N/A       8%          2
 Swiftness                Air            15%        N/A       12%         3
 Iskenderun's Mystic Bla  Conj/Tloc      28%        2d7       12%         4
 Volatile Blastmotes      Fire/Tloc      26%        2d12      16%         3
 Fulminant Prism          Conj/Hex       12%        3d9       16%         4
 Airstrike                Air            7%         2d(2-18)  38%         4
 Maxwell's Capacitive Co  Air            7%         ∞         100%        8


Dungeon Overview and Level Annotations

Branches:
Dungeon (7/15)             Temple (1/1) D:4

Altars:
Cheibriados
Makhleb
Nemelex Xobeh
Okawaru
Sif Muna
Trog
Wu Jian
Xom
The Shining One

Shops:
D:3 !(*   D:6 [:


Message History

Your cerulean imp disappears in a puff of smoke!
The wight hits you with a +2 dire flail!
Fire: g) +0 arbalest
Press: ? - help, Q - select action, (/) - cycle Shift-Dir - straight line, f/p - bullfrog
Aim: a bullfrog (heavily wounded, 51% to hit)
You shoot a bolt. The bolt hits the wight.
The wight is heavily damaged.
The wight hits you with a +2 dire flail!
* * * LOW HITPOINT WARNING * * *
You feel drained.
* * * LOW HITPOINT WARNING * * *
You block the wight's attack.
Unknown command.
Casting: Call Imp (safe; 6% risk of failure)
Confirm with . or Enter, or press ? or * to list all spells.
You blink.
The bullfrog hits you but does no damage.
The bullfrog hits you.
* * * LOW HITPOINT WARNING * * *
A white imp comes into view.
The centaur mumbles something.
The bullfrog barely misses you. The centaur barely misses you.
The centaur closely misses you. The bullfrog attacks as it pursues you!
The bullfrog completely misses you. The centaur closely misses you. x2
The bullfrog attacks as it pursues you! The bullfrog closely misses you.
The bullfrog hits you but does no damage.
The bullfrog attacks as it pursues you! You block the bullfrog's attack.
The centaur misses you. x2
The centaur hits the bullfrog.
The centaur barely misses the bullfrog.
You block the bullfrog's attack.
You feel ready to blink again.
The centaur misses the bullfrog.
The centaur kicks the bullfrog.
The bullfrog attacks as it pursues you! The bullfrog closely misses you.
There is a stone staircase leading up here.
You block the bullfrog's attack.
The centaur barely misses the white imp.
The centaur kicks the white imp but does no damage.
The bullfrog hits you.
You die...

..........z.)§#
##.....#.###.#
.###.....#>#
#.#
...........# .#
.###...zz### .
.. #.....# #.
....#...c5# .#
........F.# #
....#...@.#
...##.....# .#
#######


You could see a bullfrog, a centaur (confused), 2 wights and a white imp.

Vanquished Creatures
  Sigmund (D:2)
  A black bear (D:6)
  A gnoll sergeant (D:5)
  A bullfrog (D:6)
  2 scorpions (D:5)
  6 wights
  A howler monkey (D:5)
  2 orc priests (D:6)
  3 hounds
  A jelly (D:5)
  An iron imp (D:4)
  Jessica (D:2)
  A sleepcap (D:6)
  4 iguanas
  2 orc wizards (D:6)
  A gnoll (D:5)
  10 adders
  2 white imps (D:5)
  2 ufetubi (D:5)
  A worm (D:2)
  2 dart slugs
  13 orcs
  5 bats
  9 endoplasms
  5 giant cockroaches
  6 goblins
  9 hobgoblins
  4 jackals (D:4)
  4 quokkas
  5 ball pythons
  A frilled lizard (D:1)
  7 kobolds
  4 rats
118 creatures vanquished.

Vanquished Creatures (collateral kills)
  An adder (D:5)
1 creature vanquished.

Grand Total: 119 creatures vanquished

Notes
Turn   | Place    | Note
-------+----------+-------------------------------------------
     0 | D:1      | pokeman the Deep Elf Hedge Wizard began the quest for the
                  | Orb.
     0 | D:1      | Reached XP level 1. HP: 10/10 MP: 7/7
   294 | D:1      | Reached XP level 2. HP: 15/15 MP: 9/9
   383 | D:1      | Found Bucy's Magic Scroll Boutique.
   460 | D:1      | Found a faded altar of an unknown god.
   664 | D:1      | Reached skill level 5 in Spellcasting
  1037 | D:2      | Noticed Jessica
  1038 | D:2      | Reached XP level 3. HP: 20/20 MP: 11/11
  1040 | D:2      | Killed Jessica
  1041 | D:2      | Reached skill level 1 in Fighting
  1041 | D:2      | Reached skill level 1 in Armour
  1046 | D:2      | Learned a level 3 spell: Mephitic Cloud
  1053 | D:2      | Learned a level 2 spell: Call Imp
  1056 | D:2      | Learned a level 2 spell: Blink
  1195 | D:2      | Reached XP level 4. HP: 25/25 MP: 13/13
  1372 | D:2      | Noticed Sigmund
  1394 | D:2      | Killed Sigmund
  1395 | D:2      | Reached skill level 5 in Conjurations
  1395 | D:2      | Reached XP level 5. HP: 28/29 MP: 4/15
  1395 | D:2      | Reached XP level 6. HP: 33/34 MP: 4/16
  2141 | D:3      | Found Nodogh's Distillery.
  2384 | D:3      | Found Aplen's Assorted Antiques.
  2390 | D:3      | Bought a scroll labelled TAYGIRR YDET for 23 gold pieces
  2390 | D:3      | Bought a scroll labelled ORESI WUXARUOZ for 23 gold pieces
  2390 | D:3      | Bought 2 fizzy golden potions for 41 gold pieces
  2468 | D:3      | Found Edimoc's Weapon Boutique.
  2562 | D:4      | Identified the "Zulusul"
  2612 | D:4      | Found a snail-covered altar of Cheibriados.
  2620 | D:4      | Reached skill level 6 in Spellcasting
  2879 | D:4      | Found a shimmering altar of Xom.
  2991 | D:4      | Found a staircase to the Ecumenical Temple.
  3009 | Temple   | Entered the Ecumenical Temple
  3016 | Temple   | Learned a level 5 spell: Irradiate
  3171 | D:4      | Found a bloodstained altar of Trog.
  3172 | D:4      | Found a glowing golden altar of the Shining One.
  3173 | D:4      | Found an iron altar of Okawaru.
  3174 | D:4      | Found a shimmering blue altar of Sif Muna.
  3273 | D:5      | Entered Level 5 of the Dungeon
  3279 | D:5      | Found a sparkling altar of Nemelex Xobeh.
  3492 | D:5      | You fall into a shaft and drop 1 floor!
  3668 | D:5      | Reached skill level 1 in Poison Magic
  3668 | D:5      | Reached skill level 1 in Evocations
  3710 | D:5      | Reached skill level 1 in Transmutations
  3710 | D:5      | Reached skill level 1 in Air Magic
  3710 | D:5      | Reached XP level 7. HP: 38/38 MP: 18/18
  3919 | D:5      | Reached skill level 7 in Spellcasting
  4273 | D:6      | Found Hibas's Self-Improvement Boutique.
  4397 | D:6      | Found Bayajidda's Dragon-Slaying Spoils.
  4447 | D:6      | Reached skill level 8 in Spellcasting
  4506 | D:6      | Reached XP level 8. HP: 38/44 MP: 18/22
  4540 | D:6      | Found an ornate altar of the Wu Jian Council.
  4877 | D:6      | Reached skill level 9 in Spellcasting
  5192 | D:7      | Slain by a bullfrog

Illustrated notes

Levels and vault maps discovered:
D:1:      matt_arrival_los_fun, layout_loops_ring,
          chequers_ecumenical_altar_twisty, serial_shops,
          nicolae_shop_behind_doors
D:2:      minmay_wonky_spiral, layout_basic, uniq_jessica, uniq_sigmund
D:3:      layout_loops_ring, serial_shops, nicolae_shop_statue_plus, shop, shop
D:4:      layout_basic, xom_teletrap_fun, chei_slow_surprise,
          mainiacjoe_overflow_alcove_3, minmay_temple_entry_statues_pillars,
          serial_bayou_crossing
D:5:      minmay_opposing_rooms, layout_basic, nemelex_xobeh_ov_fountains_minmay
D:6:      layout_basic, lemuel_tele_altar, nicolae_shop_dragon_depot,
          nicolae_shop_self_help
D:7:      layout_loops_cross, grunt_temple_overflow_forces_of_nature,
          nicolae_ru_awakened_eye, mainiacjoe_overflow_alcove_1,
          mainiacjoe_overflow_surrounded_room
Temple:   ebering_the_one_and_only

Skill      XL: |  1  2  3  4  5  6  7  8 |
---------------+-------------------------+-----
Spellcasting   | 5 6 8 9 |  9.6
Fighting       | 1 2 |  2.1
Armour         | 1 2 |  2.5
Conjurations   | 2 5 6 |  6.8
Stealth        | 3 |  3.0
Dodging        | 3 |  3.0
Poison Magic   | 1 |  1.0
Evocations     | 1 |  1.0
Transmutations | 1 |  1.0
Air Magic      | 1 |  1.0
Summonings     | |  1.1
Translocations | |  1.1

Action                     |  1- 3 |  4- 6 |  7- 9 || total
---------------------------+-------+-------+-------++-------
  Melee: Dagger            |     2 |     5 |       ||     7
   Fire: Arbalest          |    27 |    76 |    84 ||   187
   Cast: Magic Dart        |    24 |    37 |     7 ||    68
         Mephitic Cloud    |       |     2 |    10 ||    12
         Call Imp          |       |       |     6 ||     6
         Blink             |       |       |     3 ||     3
   Stab: Confused          |       |     1 |       ||     1
 Armour: Robe              |     8 |    18 |    34 ||    60
  Dodge: Dodged            |    19 |    17 |    48 ||    84
  Block: Other             |       |     3 |    12 ||    15

Table legend: (Time is in decaauts)
 A = Elapsed time spent in this place.
 B = Non-inter-level travel time spent in this place.
 C = Inter-level travel time spent in this place.
 D = Time resting spent in this place.
 E = Time spent auto-exploring this place.
 F = Levels seen in this place.
 G = Mean time per level.
                   A        B        C        D        E       F      G
               +--------+--------+--------+--------+--------+-----+--------+
         Total |   5366 |   5179 |    187 |      0 |   4353 |   8 |  670.8 |
       Dungeon |   5359 |   5172 |    187 |      0 |   4353 |   7 |  765.6 |
        Temple |      7 |      7 |      0 |      0 |      0 |   1 |    7.0 |
               +--------+--------+--------+--------+--------+-----+--------+

Top non-repeatable levels by time:
     D:1: 1052 daAuts
     D:6: 988 daAuts
     D:5: 973 daAuts
     D:2: 870 daAuts
     D:4: 747 daAuts
     D:3: 683 daAuts
     D:7: 44 daAuts
  Temple: 7 daAuts
